Map: Traitor's Exile

Players

Throwfordays

  • Race: Zerg Zerg
  • League: Silver
  • Spawn Location: 6:00

Cthulhu

  • Race: Terran Terran
  • Spawn Location: 5:00

CrimsoN

  • Race: Zerg Zerg
  • League: Diamond
  • Spawn Location: 12:00

Rev

  • Race: Terran Terran
  • Spawn Location: 9:00

VOD

Have the link to the VOD?

Description

Time

  • Played on: Feb. 28, 2019, 11:03 p.m.
  • Length: 10:11
Show
View Real Time Build Order
Export as new Build Order

Throwfordays Zerg 

Build Orders: Hatch First 

Get SALT Encoding   

  12  0:01  Drone  
  13  0:08  Drone  
  14  0:46  Overlord  
  14  0:50  Hatchery  
  14  0:53  Drone  
  14  1:05  Drone x2  
  16  1:16  Spawning Pool  
  16  1:17  Drone  
  16  1:27  Drone  
  16  1:30  Extractor  
  16  1:33  Drone  
  17  1:41  Overlord  
  17  1:53  Drone  
  18  2:02  Drone  
  19  2:12  Queen  
  21  2:16  Drone, Hatchery  
  21  2:18  Drone  
  21  2:22  Drone  
  23  2:32  Queen  
  23  2:36  Drone  
  26  2:39  Drone  
  26  2:43  Zergling x2  
  28  2:54  Drone  
  28  2:55  Drone  
  28  2:58  Queen  
  32  3:04  Overlord  
  32  3:08  Zergling x2  
  32  3:10  Zergling x2  
  34  3:17  Drone x2  
  36  3:23  Zergling x4  
  36  3:24  Zergling x2  
  39  3:37  Queen  
  39  3:38  Drone  
  42  3:52  Drone x2  
  44  3:56  Zergling x6  
  47  4:04  Extractor  
  47  4:06  Metabolic Boost  
  47  4:09  Drone x4  
  50  4:12  Overlord  
  50  4:25  Overlord x3  
  50  4:29  Queen  
  52  4:33  Drone x2  
  52  4:34  Drone  
  55  4:53  Zergling x6  
  57  5:05  Zergling x2  
  57  5:06  Zergling x10  
  48  5:36  Drone  
  48  5:37  Drone x4  
  53  5:43  Drone  
  53  5:45  Drone  
  53  5:46  Queen  
  53  5:48  Drone  
  58  5:56  Queen  
  60  5:58  Drone x5  
  60  5:59  Drone  
  66  6:04  Drone x4  
  66  6:05  Drone  
  66  6:07  Queen  
  71  6:22  Queen  
  52  6:39  Queen  
  52  6:40  Drone  
  52  6:41  Drone x4  
  52  6:42  Queen  
  61  6:50  Drone x3  
  64  6:56  Drone x5  
  64  6:58  Queen  
  71  7:05  Evolution Chamber  
  71  7:07  Evolution Chamber  
  69  7:12  Drone x2  
  69  7:15  Queen  
  73  7:28  Extractor  
  72  7:31  Extractor  
  72  7:33  Queen  
  72  7:35  Zergling x8  
  72  7:36  Zergling x4  
  79  7:43  Drone x3  
  82  7:51  Zerg Melee Weapons Level 1, Zerg Missile Weapons Level 1  
  82  8:08  Overlord x2  
  82  8:09  Overlord x3  
  82  8:11  Overlord x3  
  82  8:12  Overlord x3  
  82  8:26  Queen  
  84  8:28  Drone  
  85  8:35  Drone  
  85  8:36  Drone x5  
  91  8:41  Extractor  
  91  8:42  Extractor  
  91  8:45  Drone  
  91  8:48  Zergling x6  
  93  8:53  Zergling x6  
  96  8:56  Zergling x2  
  96  8:58  Zergling x4  
  96  8:59  Zergling x2  
  96  9:02  Queen  
  102  9:05  Lair  
  102  9:30  Zergling x6  
  86  9:32  Zergling x6  
  86  9:36  Zergling x2  
  86  9:37  Zergling x4  
Show
View Real Time Build Order
Export as new Build Order

Cthulhu Terran 

Build Orders:  

Get SALT Encoding   

  12  0:01  SCV  
  13  0:13  SCV  
  14  0:21  Supply Depot  
  14  0:28  SCV  
  15  0:43  SCV  
  15  0:46  Barracks  
  15  0:49  Refinery  
  16  0:59  Barracks  
  16  1:03  SCV  
  17  1:15  SCV  
  18  1:24  Refinery  
  18  1:27  SCV  
  19  1:34  Reaper  
  21  1:42  Orbital Command  
  21  1:46  Supply Depot  
  20  1:50  Reaper  
  21  2:06  Reaper  
  21  2:08  SCV  
  23  2:23  Reaper  
  23  2:28  SCV  
  25  2:38  Reaper  
  25  2:43  SCV  
  27  2:46  Command Center  
  27  2:57  Barracks  
  27  3:01  Engineering Bay  
  27  3:06  Marine  
  27  3:12  Barracks Tech Lab  
  27  3:27  Marine  
  27  3:28  SCV  
  29  3:40  Factory  
  29  3:43  Marine  
  29  3:45  Barracks Reactor  
  30  3:52  Supply Depot  
  29  4:04  Stimpack  
  27  4:20  SCV  
  27  4:22  Marine  
  27  4:27  Hellion  
  27  4:28  Marine x2  
  31  4:34  Barracks Reactor  
  29  4:40  Command Center  
  27  4:48  Marine  
  27  4:49  Marine x2  
  26  5:17  SCV  
  27  5:23  Terran Infantry Weapons Level 1  
  27  5:43  Combat Shield  
  27  5:44  SCV  
  27  5:46  Marine x4  
  32  6:14  Marine x5  
  32  6:16  Orbital Command  
  32  6:17  SCV  
  38  6:29  SCV  
  39  7:14  SCV x2  
  39  7:15  Marine x5, Armory, Starport  
  44  7:17  Terran Infantry Armor Level 1  
  44  7:22  Widow Mine  
  48  7:36  SCV  
  48  7:37  Marine x4, SCV  
  54  8:00  Supply Depot  
  54  8:01  SCV, Widow Mine  
  54  8:02  Supply Depot  
  54  8:04  Sensor Tower  
  57  8:19  Barracks Reactor  
  57  8:57  Refinery  
  57  8:59  Medivac x2  
  59  9:29  Marine, Medivac x2  
  30  9:42  Marine  
  30  9:43  Marine x2  
  30  9:44  Widow Mine  
Show
View Real Time Build Order
Export as new Build Order

CrimsoN Zerg 

Build Orders: Hatch First 

Get SALT Encoding   

  12  0:01  Drone  
  13  0:12  Overlord  
  13  0:18  Drone  
  14  0:31  Drone x2  
  16  0:35  Drone  
  17  0:58  Drone, Hatchery  
  17  1:01  Drone  
  18  1:12  Drone  
  18  1:14  Extractor  
  18  1:20  Spawning Pool  
  18  1:24  Drone  
  18  1:30  Drone  
  19  1:47  Drone  
  19  1:54  Overlord  
  20  2:06  Queen  
  22  2:11  Zergling x4, Queen  
  22  2:13  Zergling x2  
  27  2:16  Metabolic Boost  
  27  2:29  Drone x2  
  29  2:34  Drone  
  30  2:42  Hatchery  
  29  2:45  Zergling x2  
  30  2:59  Drone  
  30  3:00  Drone x3  
  30  3:05  Zergling x2  
  35  3:13  Queen, Extractor  
  37  3:23  Overlord  
  37  3:29  Overlord  
  37  3:41  Baneling Nest  
  36  3:52  Zergling x6  
  36  3:53  Zergling x6  
  39  4:03  Queen  
  39  4:04  Drone x2  
  39  4:05  Drone x3  
  39  4:07  Zergling x2  
  44  4:19  Drone x3  
  47  4:34  Drone x3  
  47  4:35  Drone  
  51  4:44  Drone x2  
  53  4:59  Queen x2, Overlord  
  55  5:00  Overlord x4  
  55  5:04  Zergling x8  
  58  5:12  Overlord  
  58  5:16  Lair  
  55  5:21  Drone x6  
  55  5:22  Drone x2  
  55  5:26  Baneling  
  55  5:27  Extractor  
  55  5:28  Extractor  
  60  5:33  Drone  
  60  5:34  Drone x5  
  66  6:00  Extractor  
  65  6:04  Zergling x6  
  65  6:05  Zergling x16  
  65  6:06  Zergling x4  
  78  6:13  Overlord x2  
  78  6:14  Overlord  
  78  6:19  Drone x4  
  78  6:20  Hydralisk Den  
  81  6:34  Baneling x4  
  81  6:35  Centrifical Hooks  
  81  6:39  Overseer  
  81  6:46  Drone x3  
  84  6:51  Drone  
  84  6:52  Drone, Hatchery  
  85  6:54  Extractor  
  85  6:55  Extractor  
  83  7:05  Evolution Chamber  
  83  7:06  Evolution Chamber  
  81  7:09  Zergling x2  
  81  7:11  Overlord x3  
  81  7:15  Drone x6  
  86  7:19  Drone x2  
  86  7:21  Zergling x2  
  86  7:22  Zergling x16  
  99  7:26  Grooved Spines, Pneumatized Carapace  
  99  7:34  Zerg Melee Weapons Level 1, Zerg Ground Armor Level 1  
  99  7:48  Baneling x6  
  99  7:49  Baneling  
  99  7:50  Hydralisk x4  
  107  8:10  Hydralisk x5  
  107  8:11  Hydralisk x2  
  121  8:13  Overlord x3  
  121  8:22  Overlord  
  121  8:23  Overlord x3  
  121  8:29  Baneling  
  121  8:38  Zergling x20  
  121  8:39  Zergling x2  
  132  8:46  Muscular Augments  
  132  8:47  Overlord  
  131  8:55  Zergling x2, Hydralisk x3  
  131  8:56  Zergling x6  
  141  9:05  Baneling x3  
  141  9:06  Baneling x2  
  141  9:10  Hydralisk x4  
  141  9:11  Hydralisk  
  144  9:29  Zergling x6, Hydralisk x4  
  144  9:30  Zergling x6  
  138  9:46  Baneling x3  
  138  9:47  Baneling x4, Hydralisk x3  
  138  9:50  Zergling x2  
Show
View Real Time Build Order
Export as new Build Order

Rev Terran 

Build Orders:  

Get SALT Encoding   

  12  0:06  SCV  
  13  0:21  Supply Depot  
  13  0:23  Refinery  
  13  0:46  Barracks  
  13  0:50  SCV  
  14  1:02  SCV  
  15  1:14  SCV  
  16  1:26  SCV  
  17  1:37  Supply Depot  
  17  1:39  Barracks Reactor, SCV  
  18  1:51  SCV, Factory  
  19  2:03  SCV  
  20  2:15  Marine, SCV  
  21  2:16  Marine  
  23  2:27  SCV  
  24  2:33  Marine x2  
  26  2:37  Starport  
  26  2:38  Barracks  
  26  2:51  Marine x2  
  26  2:52  Supply Depot  
  26  2:55  Factory Tech Lab  
  28  3:07  SCV  
  28  3:12  Marine x2  
  31  3:19  SCV  
  32  3:22  Supply Depot  
  32  3:23  Medivac  
  34  3:27  Barracks Tech Lab  
  34  3:30  Marine  
  35  3:40  SCV  
  36  3:42  Marine  
  36  3:48  Marine, Supply Depot  
  38  3:52  SCV  
  39  3:59  Marine  
  39  4:00  Marine  
  41  4:05  Marine  
  42  4:10  Medivac  
  42  4:15  Widow Mine  
  42  4:17  Marine  
  46  4:18  Marine  
  46  4:22  Supply Depot  
  46  4:23  Marine  
  49  4:34  Marine  
  49  5:23  Marine, Siege Tank  
  49  5:24  Marine x2  
  55  5:36  Command Center  
  55  5:41  Marine x2  
  55  5:42  Marine  
  58  5:47  Orbital Command  
  58  5:52  Barracks  
  58  5:59  Marine x3  
  58  6:00  Refinery  
  61  6:17  Marine x2, Stimpack  
  63  6:22  Marine  
  49  7:26  Bunker  
  49  7:31  Siege Tank  
  49  7:32  Marine x2  
  49  7:33  Marine, Medivac  
  49  7:37  Barracks Reactor  
  57  7:50  Marine x2  
  59  7:58  SCV  
  59  8:01  Refinery  
  59  8:03  Medivac  
  59  8:04  Engineering Bay  
  62  8:10  SCV  
  63  8:15  Siege Tank  
  63  8:17  Marine x2  
  63  8:18  Marine x3  
  71  8:23  SCV  
  71  8:25  Supply Depot  
  72  8:31  Engineering Bay  
  72  8:35  Marine x3, SCV  
  72  8:36  Marine x2  
  78  8:47  SCV  
  79  8:49  Siege Tank  
  79  8:53  Marine x4  
  79  8:54  Marine  
  87  8:59  SCV  
  88  9:06  Supply Depot  
  88  9:11  Marine x5, SCV  
  94  9:27  Siege Tank  
  94  9:29  Marine x4  
Tags
 
Add a new tag
Caveats
  • Supply blocks, unpowered buildings, or Contaminate may cause inaccurate times.
  • Supply counts are checked every 10 seconds.